[Event "New York Winter Invitational GM-A 2022"]
[Site "New York"]
[Date "2022.01.15"]
[Round "4.3"]
[White "Rozman, Levy"]
[Black "Shlyakhtenko, Robert"]
[Result "0-1"]
[ECO "A21"]
[WhiteElo "2346"]
[BlackElo "2383"]
[Annotator "ChessBase"]
[PlyCount "107"]
[EventDate "2022.01.11"]
[EventType "tourn"]
[EventCountry "USA"]
[SourceTitle "playchess.com"]
[Source "ChessBase"]
[SourceQuality "1"]
[TimeControl "5400+30"]

1. c4 e5 2. Nc3 Bb4 3. g3 Bxc3 4. dxc3 d6 5. Bg2 Nc6 6. e4 Be6 7. b3 Qd7 8. h3 Nge7 9. Ne2 O-O 10. g4 Ng6 11. Ng3 a6 12. Be3 b5 13. cxb5 axb5 14. O-O Ra3 15. Nh5 Qe7 16. Qe2 Ra5 17. a4 Rfa8 18. Rac1 Bxb3 19. axb5 Ra2 20. Qd3 Na5 21. c4 Qe6 22. c5 Bc4 23. Qc3 Bxb5 24. cxd6 Bxf1 25. Bxf1 cxd6 26. Qc7 Ne7 27. Rd1 d5 28. Bc5 Nac6 29. Bxe7 Nxe7 30. Bc4 R2a7 31. Qc5 Ra1 32. Rxa1 Rxa1+ 33. Bf1 d4 34. Kg2 g6 35. Bc4 Rc1 36. Qa5 Qc8 37. Qxe5 gxh5 38. Qg5+ Ng6 39. Qxc1 Qc7 40. gxh5 Nf4+ 41. Kf3 Nxh3 42. h6 Qh2 43. Bxf7+ Kxf7 44. Qc4+ Ke7 45. Qb4+ Qd6 46. Qb7+ Qd7 47. Qb4+ Kf7 48. Qc4+ Kg6 49. Qg8+ Kxh6 50. Qf8+ Kh5 51. Ke2 Qg4+ 52. Kd3 Nf4+ 53. Kc4 Qe2+ 54. Kxd4 0-1